Flyers vs Avalanche
Created - March 3, 2019 at 22:31
Goals
|
| Flyers |
1 |
0 |
0 |
1 |
| Avalanche |
0 |
1 |
2 |
3 |
|
Shots
|
| Flyers |
15 |
14 |
7 |
36 |
| Avalanche |
7 |
15 |
5 |
27 |
|
1st period
1. Flyers , Jeff Carter 27 (Drew Miller 41, Jakub Voracek 43) at 19:33
Penalties :
Matt Smaby (Phi) for High sticking (Minor) at 19:48
2nd period
2. Avalanche , Erik Karlsson 8 (Andrei Kostitsyn 30, Paul Stastny 36) at 9:00
Penalties :
Matt Smaby (Phi) for Tripping (Minor) at 16:18, Damien Brunner (Col) for Hooking (Minor) at 19:57
3rd period
3. Avalanche , Bryan Little 29 (Patric Hornqvist 33, Jack Johnson 27) at 10:42
4. Avalanche , Maxim Talbot 5 (Dan Boyle 11) at 14:05
Penalties :
Jonathan Ericsson (Phi) for Tripping (Minor) at 14:31, Kyle Turris (Col) for Holding (Minor) at 19:57
Goalie Stats
Steve Mason (Phi), 24 saves from 27 shots - (0.889), L, 14-5-1, 60:00 minutes
Semyon Varlamov (Col), 35 saves from 36 shots - (0.972), W, 19-20-4, 60:00 minutes
Players Stats for Flyers
Player Name G A P +/- PIM S H SB GA TA FO MP PP MP PK MP
------------------------------------------------------------------------------------
Brian Lashoff 0 0 0 -1 0 0 1 0 0 1 0/0 17:08 0:00 0:00
Brian McGrattan 0 0 0 0 0 0 1 1 0 0 0/0 7:34 0:01 0:00
Chris Mcallister 0 0 0 0 0 3 1 0 1 0 0/0 10:19 0:01 2:45
Dany Heatley 0 0 0 -1 0 1 1 0 0 0 1/1 11:20 0:00 0:00
Drew Miller 0 1 1 0 0 6 1 0 2 0 1/2 19:49 0:57 0:00
J.T. Miller 0 0 0 -1 0 0 1 0 0 0 0/0 18:32 1:03 3:12
Jakub Voracek 0 1 1 0 0 6 1 0 1 0 1/2 19:49 0:57 0:00
Jaromir Jagr 0 0 0 -1 0 3 2 0 0 0 0/0 11:20 0:00 0:00
Jeff Carter 1 0 1 0 0 4 2 1 0 0 17/25 19:48 0:56 0:00
Jeff Woywitka 0 0 0 -1 0 0 1 3 1 1 0/0 24:55 1:10 4:26
Jonathan Ericsson 0 0 0 0 2 2 0 0 0 0 0/0 19:03 1:10 1:40
Kyle Wellwood 0 0 0 -1 0 4 3 0 0 1 9/18 18:32 1:03 3:12
Marcus Kruger 0 0 0 -1 0 2 0 0 0 0 2/5 11:42 0:02 0:00
Mats Zuccarello 0 0 0 -1 0 1 1 0 0 0 2/2 14:48 1:03 0:00
Matt Smaby 0 0 0 -1 4 0 1 1 0 0 0/0 18:08 0:00 0:31
Matthew Lombardi 0 0 0 0 0 1 1 1 0 0 2/8 9:58 0:00 2:45
Nathan Beaulieu 0 0 0 -1 0 0 0 1 0 0 0/0 16:54 0:51 1:49
Oliver Ekman-Larsson 0 0 0 0 0 3 1 6 1 2 0/0 24:21 0:51 3:28
Players Stats for Avalanche
Player Name G A P +/- PIM S H SB GA TA FO MP PP MP PK MP
------------------------------------------------------------------------------------
Alexander Radulov 0 0 0 1 0 3 2 0 0 0 0/0 16:36 2:47 0:00
Andrei Kostitsyn 0 1 1 1 0 1 0 0 0 0 0/2 17:12 2:47 0:36
Andrew Ladd 0 0 0 0 0 1 2 0 0 0 2/4 13:00 0:08 1:04
Bryan Little 1 0 1 1 0 3 3 0 0 0 13/27 19:38 3:05 0:00
Chuck Kobasew 0 0 0 0 0 0 0 0 0 0 0/0 10:32 0:00 1:01
Damien Brunner 0 0 0 0 2 0 0 0 0 0 0/0 12:06 0:00 0:00
Dan Boyle 0 1 1 0 0 1 0 0 0 2 0/0 17:44 1:59 0:00
Erik Karlsson 1 0 1 2 0 3 0 0 1 1 0/0 24:36 3:58 0:00
Jack Johnson 0 1 1 2 0 1 1 2 2 0 0/0 25:14 3:58 0:50
Johnny Boychuk 0 0 0 0 0 2 2 1 0 0 0/0 16:25 0:00 0:50
Kyle Turris 0 0 0 0 2 0 0 1 0 1 2/5 10:03 0:00 0:33
Marc Staal 0 0 0 0 0 0 0 3 0 2 0/0 18:59 1:59 1:11
Maxim Talbot 1 0 1 0 0 1 1 0 0 0 4/7 12:31 0:00 0:24
Mikkel Boedker 0 0 0 1 0 4 3 0 1 0 0/3 19:38 3:05 0:00
Patric Hornqvist 0 1 1 1 0 1 2 0 0 0 1/3 19:42 3:07 0:00
Paul Stastny 0 1 1 1 0 4 2 2 1 0 5/11 17:21 2:47 0:24
Pernell Karl Subban 0 0 0 0 0 0 0 1 0 0 0/0 17:02 0:00 1:11
Ville Leino 0 0 0 0 0 2 0 0 0 0 1/1 9:38 0:05 0:00
3 Stars
1 - Semyon Varlamov (Col)
2 - Bryan Little (Col)
3 - Erik Karlsson (Col)
Power Play
Flyers - 0 on 2 Attempt(s) - 0.00%
Avalanche - 0 on 3 Attempt(s) - 0.00%
Penalty Kill
Flyers - 3 on 3 Attempt(s) - 100.00%
- Score 0 goal in Penalty Kill
Avalanche - 2 on 2 Attempt(s) - 100.00%
- Score 0 goal in Penalty Kill
Team Stat
Flyers - Hits : 19 - Faceoff Wins : 35 - Blocked Shots : 14 - Penalty Minutes : 6
Avalanche - Hits : 18 - Faceoff Wins : 28 - Blocked Shots : 10 - Penalty Minutes : 4
Official
Referees : Unknown
Linesman : Unknown
Game Notes
No Game Note
Finance
Level 1 -- Attendance: 5807 (96.78%) -- Ticket Income $516,823
Level 2 -- Attendance: 5000 (100.00%) -- Ticket Income $275,000
Level 3 -- Attendance: 1829 (91.45%) -- Ticket Income $60,357
Level 4 -- Attendance: 4000 (100.00%) -- Ticket Income $92,000
Luxury Box -- Attendance: 729 (72.90%) -- Ticket Income $125,388
Game was played at the Pepsi Center.
Total Attendance: 17365 (96.47%)
Total Ticket Income: $1,069,568
Other Income: $160,435
Total Income: $1,230,003
Flyers
5 vs 5 Forward
Center Left Wing Right Wing Time % Phy DF OF
1 Jeff Carter Drew Miller Jakub Voracek 40 0 1 4
2 Kyle Wellwood J.T. Miller Mats Zuccarello 30 0 1 4
3 Marcus Kruger Dany Heatley Jaromir Jagr 20 0 1 4
4 Matthew Lombardi Chris Mcallister Brian McGrattan 10 0 4 1
5 vs 5 Defense
Defense Defense Time % Phy DF OF
1 Oliver Ekman-Larsson Jonathan Ericsson 30 1 3 1
2 Jeff Woywitka Nathan Beaulieu 30 1 3 1
3 Brian Lashoff Matt Smaby 30 1 3 1
4 Oliver Ekman-Larsson Jeff Woywitka 10 1 3 1
PowerPlay Forward
Center Left Wing Right Wing Time % Phy DF OF
1 Jeff Carter Drew Miller Jakub Voracek 50 0 1 4
2 Kyle Wellwood J.T. Miller Mats Zuccarello 50 0 1 4
PowerPlay Defense
Defense Defense Time % Phy DF OF
1 Oliver Ekman-Larsson Nathan Beaulieu 50 0 2 3
2 Jonathan Ericsson Jeff Woywitka 50 0 2 3
Penalty Kill 4 Players Forward
Center Wing Time % Phy DF OF
1 Matthew Lombardi Chris Mcallister 50 0 4 1
2 Kyle Wellwood J.T. Miller 50 0 4 1
Penalty Kill 4 Players Defense
Defense Defense Time % Phy DF OF
1 Oliver Ekman-Larsson Matt Smaby 50 1 4 0
2 Jeff Woywitka Jonathan Ericsson 50 1 4 0
Penalty Kill - 3 Players Forward
Forward Time % Phy DF OF
1 Matthew Lombardi 50 0 4 1
2 Kyle Wellwood 50 0 4 1
Penalty Kill - 3 Players Defense
Defense Defense Time % Phy DF OF
1 Oliver Ekman-Larsson Matt Smaby 50 1 4 0
2 Jeff Woywitka Jonathan Ericsson 50 1 4 0
4 vs 4 Forward
Center Wing Time % Phy DF OF
1 Jeff Carter Jakub Voracek 50 0 2 3
2 Kyle Wellwood J.T. Miller 50 0 2 3
4 vs 4 Defense
Defense Defense Time % Phy DF OF
1 Oliver Ekman-Larsson Matt Smaby 50 1 3 1
2 Jeff Woywitka Jonathan Ericsson 50 1 3 1
Last Minutes Offensive
Center Left Wing Right Wing Defense Defense
Jeff Carter Drew Miller Jakub Voracek Oliver Ekman-Larsson Jeff Woywitka
Last Minutes Defensive
Center Left Wing Right Wing Defense Defense
Kyle Wellwood Chris Mcallister Brian McGrattan Oliver Ekman-Larsson Jeff Woywitka
Goaltenders
Starting : Steve Mason
Backup : Cory Schneider
Extra Forwards
Normal : Jeff Carter, Kyle Wellwood, Drew Miller - PP : Jeff Carter, Kyle Wellwood - PK : Matthew Lombardi
Extra Defensemen
Normal : Oliver Ekman-Larsson, Jeff Woywitka, Jonathan Ericsson - PP : Oliver Ekman-Larsson - PK : Oliver Ekman-Larsson, Jeff Woywitka
Penalty Shots
Jeff Carter, Dany Heatley, Jaromir Jagr, Kyle Wellwood, J.T. Miller
Scratches
None
Avalanche
5 vs 5 Forward
Center Left Wing Right Wing Time % Phy DF OF
1 Bryan Little Mikkel Boedker Patric Hornqvist 35 1 2 2
2 Paul Stastny Andrei Kostitsyn Alexander Radulov 30 1 2 2
3 Maxim Talbot Andrew Ladd Damien Brunner 20 1 2 2
4 Kyle Turris Ville Leino Chuck Kobasew 15 1 2 2
5 vs 5 Defense
Defense Defense Time % Phy DF OF
1 Erik Karlsson Jack Johnson 40 1 2 2
2 Marc Staal Pernell Karl Subban 30 1 2 2
3 Johnny Boychuk Dan Boyle 30 1 2 2
4 Marc Staal Pernell Karl Subban 0 1 2 2
PowerPlay Forward
Center Left Wing Right Wing Time % Phy DF OF
1 Bryan Little Mikkel Boedker Patric Hornqvist 60 1 2 2
2 Paul Stastny Andrei Kostitsyn Alexander Radulov 40 1 2 2
PowerPlay Defense
Defense Defense Time % Phy DF OF
1 Erik Karlsson Jack Johnson 60 1 2 2
2 Dan Boyle Marc Staal 40 1 2 2
Penalty Kill 4 Players Forward
Center Wing Time % Phy DF OF
1 Andrew Ladd Chuck Kobasew 60 1 2 2
2 Paul Stastny Maxim Talbot 40 1 2 2
Penalty Kill 4 Players Defense
Defense Defense Time % Phy DF OF
1 Pernell Karl Subban Marc Staal 60 1 2 2
2 Jack Johnson Johnny Boychuk 40 1 2 2
Penalty Kill - 3 Players Forward
Forward Time % Phy DF OF
1 Chuck Kobasew 60 1 2 2
2 Andrew Ladd 40 1 2 2
Penalty Kill - 3 Players Defense
Defense Defense Time % Phy DF OF
1 Marc Staal Pernell Karl Subban 60 1 2 2
2 Jack Johnson Johnny Boychuk 40 1 2 2
4 vs 4 Forward
Center Wing Time % Phy DF OF
1 Patric Hornqvist Mikkel Boedker 60 1 2 2
2 Bryan Little Andrei Kostitsyn 40 1 2 2
4 vs 4 Defense
Defense Defense Time % Phy DF OF
1 Marc Staal Pernell Karl Subban 60 1 2 2
2 Jack Johnson Erik Karlsson 40 1 2 2
Last Minutes Offensive
Center Left Wing Right Wing Defense Defense
Bryan Little Mikkel Boedker Patric Hornqvist Erik Karlsson Jack Johnson
Last Minutes Defensive
Center Left Wing Right Wing Defense Defense
Bryan Little Andrew Ladd Chuck Kobasew Marc Staal Jack Johnson
Goaltenders
Starting : Semyon Varlamov
Backup : Roberto Luongo
Extra Forwards
Normal : Andrew Ladd, Alexander Radulov, Maxim Talbot - PP : Andrew Ladd, Alexander Radulov - PK : Damien Brunner
Extra Defensemen
Normal : Marc Staal, Erik Karlsson, Pernell Karl Subban - PP : Dan Boyle - PK : Jack Johnson, Pernell Karl Subban
Penalty Shots
Mikkel Boedker, Patric Hornqvist, Paul Stastny, Bryan Little, Andrei Kostitsyn
Scratches
Mattias Ekholm (Healthy)
% Time on Ice - Flyers
Lines # - Real PCT - Wanted PCT - Time Play
Normal Forward
1 - 37% - 40% - 19:12
2 - 27% - 30% - 14:17
3 - 22% - 20% - 11:20
4 - 14% - 10% - 7:13
Normal Defense
1 - 30% - 30% - 15:35
2 - 28% - 30% - 14:46
3 - 33% - 30% - 17:08
4 - 9% - 10% - 4:33
PP Forward
1 - 48% - 50% - 0:58
2 - 52% - 50% - 1:03
PP Defense
1 - 42% - 50% - 0:51
2 - 58% - 50% - 1:10
PK Forward
1 - 46% - 50% - 2:45
2 - 54% - 50% - 3:12
PK Defense
1 - 47% - 50% - 2:49
2 - 53% - 50% - 3:08
PK3 Forward
1 - 0% - 50%
2 - 0% - 50%
PK3 Defense
1 - 0% - 50%
2 - 0% - 50%
44 Forward
1 - 0% - 50%
2 - 0% - 50%
44 Defense
1 - 0% - 50%
2 - 0% - 50%
Last Minute Offensive - 0:00
Last Minute Defensive - 0:00
Total
Forward - 60:00
Defense - 60:00
|
% Time on Ice - Avalanche
Lines # - Real PCT - Wanted PCT - Time Play
Normal Forward
1 - 32% - 35% - 16:35
2 - 27% - 30% - 14:10
3 - 23% - 20% - 11:46
4 - 18% - 15% - 9:31
Normal Defense
1 - 40% - 40% - 20:38
2 - 30% - 30% - 15:45
3 - 29% - 30% - 14:54
4 - 1% - 0% - 0:45
PP Forward
1 - 53% - 60% - 3:10
2 - 47% - 40% - 2:47
PP Defense
1 - 67% - 60% - 3:58
2 - 33% - 40% - 1:59
PK Forward
1 - 80% - 60% - 1:37
2 - 20% - 40% - 0:24
PK Defense
1 - 59% - 60% - 1:11
2 - 41% - 40% - 0:50
PK3 Forward
1 - 0% - 60%
2 - 0% - 40%
PK3 Defense
1 - 0% - 60%
2 - 0% - 40%
44 Forward
1 - 0% - 60%
2 - 0% - 40%
44 Defense
1 - 0% - 60%
2 - 0% - 40%
Last Minute Offensive - 0:00
Last Minute Defensive - 0:00
Total
Forward - 60:00
Defense - 60:00
|
Play-by-Play
1st period
0:01 of 1st period - Bryan Little wins face-off versus Jeff Carter in neutral zone.
0:16 of 1st period - Wrist shot by Jakub Voracek.
0:16 of 1st period - Shot Blocked by Jack Johnson.
0:30 of 1st period - Wrist shot by Kyle Wellwood.
0:30 of 1st period - Stopped by Semyon Varlamov without a rebound.
0:31 of 1st period - Mats Zuccarello wins face-off versus Andrei Kostitsyn in Avalanche zone.
0:40 of 1st period - Snap shot by Kyle Wellwood.
0:40 of 1st period - Shot Misses the Net.
1:12 of 1st period - Snap shot by J.T. Miller.
1:12 of 1st period - Shot Misses the Net.
1:14 of 1st period - Slapshot by Nathan Beaulieu.
1:14 of 1st period - Shot Misses the Net.
1:26 of 1st period - Snap shot by Mats Zuccarello.
1:26 of 1st period - Stopped by Semyon Varlamov without a rebound.
1:27 of 1st period - Marcus Kruger wins face-off versus Maxim Talbot in Avalanche zone.
3:22 of 1st period - Wrist shot by Jeff Carter.
3:22 of 1st period - Stopped by Semyon Varlamov with a rebound.
3:24 of 1st period - Snap shot by Jakub Voracek.
3:24 of 1st period - Stopped by Semyon Varlamov with a rebound.
3:26 of 1st period - Slapshot by Oliver Ekman-Larsson.
3:26 of 1st period - Stopped by Semyon Varlamov with a rebound.
3:28 of 1st period - Slapshot by Oliver Ekman-Larsson.
3:28 of 1st period - Stopped by Semyon Varlamov without a rebound.
3:29 of 1st period - Marcus Kruger wins face-off versus Bryan Little in Avalanche zone.
3:30 of 1st period - Backhand shot by Jaromir Jagr.
3:30 of 1st period - Stopped by Semyon Varlamov with a rebound.
3:42 of 1st period - Snap shot by Mikkel Boedker.
3:42 of 1st period - Deflect By Patric Hornqvist.
3:42 of 1st period - Shot Hit the Post.
3:42 of 1st period - Puck is out of play.
3:43 of 1st period - Bryan Little wins face-off versus Kyle Wellwood in Flyers zone.
3:50 of 1st period - Backhand shot by Mikkel Boedker.
3:50 of 1st period - Deflect By Patric Hornqvist.
3:50 of 1st period - Shot Misses the Net.
3:50 of 1st period - Puck is out of play.
3:51 of 1st period - Bryan Little wins face-off versus Kyle Wellwood in Flyers zone.
4:16 of 1st period - Snap shot by Bryan Little.
4:16 of 1st period - Deflect By Jeff Woywitka.
4:16 of 1st period - Stopped by Steve Mason without a rebound.
4:17 of 1st period - Jeff Carter wins face-off versus Kyle Turris in Flyers zone.
4:26 of 1st period - Off-side.
4:27 of 1st period - Drew Miller wins face-off versus Kyle Turris in neutral zone.
4:39 of 1st period - Slapshot by Johnny Boychuk.
4:39 of 1st period - Shot Misses the Net.
4:51 of 1st period - Snap shot by Jakub Voracek.
4:51 of 1st period - Stopped by Semyon Varlamov with a rebound.
5:39 of 1st period - Slapshot by Jeff Carter.
5:39 of 1st period - Deflect By Jakub Voracek.
5:39 of 1st period - Stopped by Semyon Varlamov without a rebound.
5:40 of 1st period - Dany Heatley wins face-off versus Paul Stastny in Avalanche zone.
5:41 of 1st period - Wrist shot by Jaromir Jagr.
5:41 of 1st period - Shot Misses the Net.
5:53 of 1st period - Jaromir Jagr is hit by Alexander Radulov and loses puck.
6:06 of 1st period - Andrew Ladd is hit by Matthew Lombardi and loses puck.
6:31 of 1st period - J.T. Miller is hit by Patric Hornqvist and loses puck.
7:42 of 1st period - Icing by Jonathan Ericsson.
7:43 of 1st period - Maxim Talbot wins face-off versus Marcus Kruger in Flyers zone.
7:50 of 1st period - Wrist shot by Maxim Talbot.
7:50 of 1st period - Shot Misses the Net.
7:54 of 1st period - Wrist shot by Maxim Talbot.
7:54 of 1st period - Shot Misses the Net.
7:56 of 1st period - Slapshot by Dan Boyle.
7:56 of 1st period - Stopped by Steve Mason with a rebound.
8:12 of 1st period - Oliver Ekman-Larsson is hit by Bryan Little and loses puck.
8:27 of 1st period - Snap shot by Mats Zuccarello.
8:27 of 1st period - Shot Blocked by Pernell Karl Subban.
8:29 of 1st period - Slapshot by Jonathan Ericsson.
8:29 of 1st period - Stopped by Semyon Varlamov with a rebound.
8:53 of 1st period - Slapshot by Marc Staal.
8:53 of 1st period - Deflect By Ville Leino.
8:53 of 1st period - Shot Blocked by Nathan Beaulieu.
8:53 of 1st period - Puck is out of play.
8:54 of 1st period - Ville Leino wins face-off versus Matthew Lombardi in Flyers zone.
9:37 of 1st period - Slapshot by Erik Karlsson.
9:37 of 1st period - Stopped by Steve Mason without a rebound.
9:38 of 1st period - Jeff Carter wins face-off versus Bryan Little in Flyers zone.
9:45 of 1st period - Snap shot by Drew Miller.
9:45 of 1st period - Shot Misses the Net.
9:47 of 1st period - Wrist shot by Drew Miller.
9:47 of 1st period - Stopped by Semyon Varlamov with a rebound.
9:55 of 1st period - Snap shot by Jeff Carter.
9:55 of 1st period - Shot Blocked by Marc Staal.
11:06 of 1st period - Slapshot by Jack Johnson.
11:06 of 1st period - Shot Blocked by Brian McGrattan.
11:08 of 1st period - Slapshot by Jack Johnson.
11:08 of 1st period - Stopped by Steve Mason with a rebound.
11:10 of 1st period - Slapshot by Jack Johnson.
11:10 of 1st period - Shot Misses the Net.
12:01 of 1st period - Patric Hornqvist is hit by Jeff Carter and loses puck.
12:28 of 1st period - Snap shot by Brian McGrattan.
12:28 of 1st period - Shot Blocked by Marc Staal.
13:12 of 1st period - Snap shot by Jaromir Jagr.
13:12 of 1st period - Stopped by Semyon Varlamov without a rebound.
13:13 of 1st period - Jeff Carter wins face-off versus Mikkel Boedker in Avalanche zone.
13:16 of 1st period - Wrist shot by Jakub Voracek.
13:16 of 1st period - Shot Misses the Net.
13:18 of 1st period - Wrist shot by Drew Miller.
13:18 of 1st period - Shot Misses the Net.
13:51 of 1st period - Marc Staal is hit by Jakub Voracek and loses puck.
14:20 of 1st period - Pernell Karl Subban is hit by Jeff Carter and loses puck.
14:25 of 1st period - Snap shot by Jeff Carter.
14:25 of 1st period - Stopped by Semyon Varlamov without a rebound.
14:26 of 1st period - Kyle Wellwood wins face-off versus Bryan Little in Avalanche zone.
14:27 of 1st period - Wrist shot by Mats Zuccarello.
14:27 of 1st period - Shot Misses the Net.
14:35 of 1st period - Jonathan Ericsson is hit by Mikkel Boedker and loses puck.
15:29 of 1st period - Off-side.
15:30 of 1st period - Kyle Wellwood wins face-off versus Kyle Turris in neutral zone.
15:55 of 1st period - Erik Karlsson is hit by Brian Lashoff and loses puck.
16:04 of 1st period - Slapshot by Patric Hornqvist.
16:04 of 1st period - Shot Misses the Net.
16:06 of 1st period - Slapshot by Mikkel Boedker.
16:06 of 1st period - Stopped by Steve Mason without a rebound.
16:07 of 1st period - Jeff Carter wins face-off versus Paul Stastny in Flyers zone.
16:18 of 1st period - Slapshot by Andrei Kostitsyn.
16:18 of 1st period - Shot Misses the Net.
16:34 of 1st period - Snap shot by Mikkel Boedker.
16:34 of 1st period - Stopped by Steve Mason without a rebound.
16:35 of 1st period - Mats Zuccarello wins face-off versus Bryan Little in Flyers zone.
16:42 of 1st period - Jonathan Ericsson is hit by Bryan Little.
17:02 of 1st period - Drew Miller is hit by Paul Stastny and loses puck.
17:07 of 1st period - Slapshot by Andrei Kostitsyn.
17:07 of 1st period - Shot Blocked by Oliver Ekman-Larsson.
17:09 of 1st period - Slapshot by Marc Staal.
17:09 of 1st period - Deflect By Andrei Kostitsyn.
17:09 of 1st period - Shot Misses the Net.
17:09 of 1st period - Puck is out of play.
17:10 of 1st period - Andrew Ladd wins face-off versus Jeff Carter in Flyers zone.
17:23 of 1st period - Wrist shot by Andrew Ladd.
17:23 of 1st period - Shot Misses the Net.
17:45 of 1st period - Snap shot by Mikkel Boedker.
17:45 of 1st period - Stopped by Steve Mason with a rebound.
17:59 of 1st period - Snap shot by Jaromir Jagr.
17:59 of 1st period - Shot Blocked by Paul Stastny.
18:19 of 1st period - Wrist shot by Chris Mcallister.
18:19 of 1st period - Stopped by Semyon Varlamov without a rebound.
18:20 of 1st period - Bryan Little wins face-off versus Matthew Lombardi in Avalanche zone.
18:33 of 1st period - Snap shot by Bryan Little.
18:33 of 1st period - Deflect By Patric Hornqvist.
18:33 of 1st period - Shot Blocked by Matthew Lombardi.
18:33 of 1st period - Puck is out of play.
18:34 of 1st period - Bryan Little wins face-off versus Jeff Carter in Flyers zone.
18:37 of 1st period - Snap shot by Patric Hornqvist.
18:37 of 1st period - Deflect By Bryan Little.
18:37 of 1st period - Shot Misses the Net.
18:37 of 1st period - Puck is out of play.
18:38 of 1st period - Jeff Carter wins face-off versus Bryan Little in Flyers zone.
18:43 of 1st period - Erik Karlsson is hit by Oliver Ekman-Larsson and loses puck.
19:33 of 1st period - Snap shot by Jeff Carter.
19:33 of 1st period - Goal by Jeff Carter - Flyers : 1 - Avalanche : 0.
19:34 of 1st period - Kyle Wellwood wins face-off versus Bryan Little in neutral zone.
19:37 of 1st period - Slapshot by Kyle Wellwood.
19:37 of 1st period - Shot Misses the Net.
19:48 of 1st period - Minor Penalty to Matt Smaby for High sticking.
19:49 of 1st period - Matthew Lombardi wins face-off versus Bryan Little in Flyers zone.
19:49 of 1st period - Matthew Lombardi is hit by Mikkel Boedker.
Goals for this period are 1 for Flyers vs 0 for Avalanche.
Shots for this period are 15 for Flyers vs 7 for Avalanche.
2nd period
0:01 of 2nd period - Bryan Little wins face-off versus Matthew Lombardi in neutral zone.
0:16 of 2nd period - Slapshot by Bryan Little.
0:16 of 2nd period - Shot Blocked by Jeff Woywitka.
1:48 of 2nd period - Penalty to Matt Smaby is over, Matt Smaby is back on ice.
2:28 of 2nd period - Snap shot by Ville Leino.
2:28 of 2nd period - Stopped by Steve Mason with a rebound.
2:30 of 2nd period - Slapshot by Johnny Boychuk.
2:30 of 2nd period - Stopped by Steve Mason with a rebound.
2:32 of 2nd period - Slapshot by Johnny Boychuk.
2:32 of 2nd period - Stopped by Steve Mason without a rebound.
2:33 of 2nd period - Jeff Carter wins face-off versus Maxim Talbot in Flyers zone.
2:38 of 2nd period - Wrist shot by Jakub Voracek.
2:38 of 2nd period - Stopped by Semyon Varlamov without a rebound.
2:39 of 2nd period - Maxim Talbot wins face-off versus Jeff Carter in Avalanche zone.
2:44 of 2nd period - Wrist shot by Andrew Ladd.
2:44 of 2nd period - Shot Misses the Net.
2:56 of 2nd period - Slapshot by Drew Miller.
2:56 of 2nd period - Shot Misses the Net.
3:43 of 2nd period - Off-side.
3:44 of 2nd period - Paul Stastny wins face-off versus Drew Miller in neutral zone.
3:55 of 2nd period - Wrist shot by Oliver Ekman-Larsson.
3:55 of 2nd period - Shot Blocked by Paul Stastny.
3:57 of 2nd period - Wrist shot by Jakub Voracek.
3:57 of 2nd period - Deflect By Drew Miller.
3:57 of 2nd period - Stopped by Semyon Varlamov with a rebound.
3:59 of 2nd period - Slapshot by Oliver Ekman-Larsson.
3:59 of 2nd period - Stopped by Semyon Varlamov with a rebound.
4:01 of 2nd period - Snap shot by Jakub Voracek.
4:01 of 2nd period - Shot Misses the Net.
4:11 of 2nd period - Mats Zuccarello is hit by Jack Johnson and loses puck.
4:45 of 2nd period - Damien Brunner is hit by Brian McGrattan and loses puck.
5:02 of 2nd period - Chuck Kobasew is hit by Drew Miller and loses puck.
5:29 of 2nd period - Slapshot by Alexander Radulov.
5:29 of 2nd period - Stopped by Steve Mason without a rebound.
5:30 of 2nd period - Paul Stastny wins face-off versus Kyle Wellwood in Flyers zone.
5:33 of 2nd period - Snap shot by Andrei Kostitsyn.
5:33 of 2nd period - Stopped by Steve Mason with a rebound.
5:36 of 2nd period - Icing by Kyle Wellwood.
5:37 of 2nd period - Kyle Wellwood wins face-off versus Bryan Little in Flyers zone.
5:37 of 2nd period - Kyle Wellwood is hit by Bryan Little.
5:45 of 2nd period - Slapshot by Jeff Woywitka.
5:45 of 2nd period - Deflect By Kyle Wellwood.
5:45 of 2nd period - Stopped by Semyon Varlamov without a rebound.
5:46 of 2nd period - Jeff Carter wins face-off versus Bryan Little in Avalanche zone.
5:53 of 2nd period - Wrist shot by Drew Miller.
5:53 of 2nd period - Stopped by Semyon Varlamov with a rebound.
6:01 of 2nd period - Backhand shot by Bryan Little.
6:01 of 2nd period - Stopped by Steve Mason with a rebound.
6:03 of 2nd period - Slapshot by Patric Hornqvist.
6:03 of 2nd period - Stopped by Steve Mason with a rebound.
6:05 of 2nd period - Slapshot by Johnny Boychuk.
6:05 of 2nd period - Shot Misses the Net.
6:33 of 2nd period - Snap shot by Alexander Radulov.
6:33 of 2nd period - Shot Blocked by Jeff Woywitka.
7:13 of 2nd period - Snap shot by Ville Leino.
7:13 of 2nd period - Stopped by Steve Mason without a rebound.
7:14 of 2nd period - Jeff Carter wins face-off versus Bryan Little in Flyers zone.
8:06 of 2nd period - Slapshot by Jonathan Ericsson.
8:06 of 2nd period - Stopped by Semyon Varlamov without a rebound.
8:07 of 2nd period - Maxim Talbot wins face-off versus Marcus Kruger in Avalanche zone.
8:19 of 2nd period - Wrist shot by Maxim Talbot.
8:19 of 2nd period - Shot Misses the Net.
9:00 of 2nd period - Slapshot by Erik Karlsson.
9:00 of 2nd period - Goal by Erik Karlsson - Flyers : 1 - Avalanche : 1.
9:01 of 2nd period - Jeff Carter wins face-off versus Patric Hornqvist in neutral zone.
9:30 of 2nd period - Snap shot by Paul Stastny.
9:30 of 2nd period - Shot Misses the Net.
9:32 of 2nd period - Snap shot by Andrei Kostitsyn.
9:32 of 2nd period - Shot Blocked by Oliver Ekman-Larsson.
9:36 of 2nd period - Wrist shot by Alexander Radulov.
9:36 of 2nd period - Stopped by Steve Mason without a rebound.
9:37 of 2nd period - Jeff Carter wins face-off versus Bryan Little in Flyers zone.
9:54 of 2nd period - Wrist shot by Drew Miller.
9:54 of 2nd period - Stopped by Semyon Varlamov without a rebound.
9:55 of 2nd period - Kyle Wellwood wins face-off versus Paul Stastny in Avalanche zone.
10:12 of 2nd period - Wrist shot by Kyle Wellwood.
10:12 of 2nd period - Stopped by Semyon Varlamov without a rebound.
10:13 of 2nd period - Bryan Little wins face-off versus Jeff Carter in Avalanche zone.
10:28 of 2nd period - Wrist shot by Mikkel Boedker.
10:28 of 2nd period - Stopped by Steve Mason with a rebound.
10:30 of 2nd period - Wrist shot by Bryan Little.
10:30 of 2nd period - Shot Misses the Net.
11:45 of 2nd period - Snap shot by Matthew Lombardi.
11:45 of 2nd period - Stopped by Semyon Varlamov without a rebound.
11:46 of 2nd period - Patric Hornqvist wins face-off versus Matthew Lombardi in Avalanche zone.
12:05 of 2nd period - Slapshot by Erik Karlsson.
12:05 of 2nd period - Stopped by Steve Mason with a rebound.
12:40 of 2nd period - Wrist shot by Alexander Radulov.
12:40 of 2nd period - Stopped by Steve Mason with a rebound.
13:42 of 2nd period - Kyle Turris is hit by J.T. Miller.
15:03 of 2nd period - Jonathan Ericsson is hit by Johnny Boychuk and loses puck.
15:31 of 2nd period - Matthew Lombardi is hit by Andrew Ladd.
15:49 of 2nd period - Chuck Kobasew is hit by Kyle Wellwood and loses puck.
16:18 of 2nd period - Minor Penalty to Matt Smaby for Tripping.
16:19 of 2nd period - Bryan Little wins face-off versus Kyle Wellwood in Flyers zone.
17:10 of 2nd period - Wrist shot by Paul Stastny.
17:10 of 2nd period - Deflect By Alexander Radulov.
17:10 of 2nd period - Shot Misses the Net.
17:10 of 2nd period - Puck is out of play.
17:11 of 2nd period - Bryan Little wins face-off versus Kyle Wellwood in Flyers zone.
17:16 of 2nd period - Snap shot by Mikkel Boedker.
17:16 of 2nd period - Shot Blocked by Oliver Ekman-Larsson.
17:18 of 2nd period - Backhand shot by Marc Staal.
17:18 of 2nd period - Shot Blocked by Oliver Ekman-Larsson.
17:20 of 2nd period - Snap shot by Patric Hornqvist.
17:20 of 2nd period - Deflect By Mikkel Boedker.
17:20 of 2nd period - Shot Blocked by Oliver Ekman-Larsson.
17:20 of 2nd period - Puck is out of play.
17:21 of 2nd period - Bryan Little wins face-off versus Matthew Lombardi in Flyers zone.
17:44 of 2nd period - Slapshot by Patric Hornqvist.
17:44 of 2nd period - Deflect By Bryan Little.
17:44 of 2nd period - Shot Blocked by Jeff Woywitka.
17:44 of 2nd period - Puck is out of play.
17:45 of 2nd period - Matthew Lombardi wins face-off versus Paul Stastny in Flyers zone.
17:53 of 2nd period - Off-side.
17:54 of 2nd period - Kyle Wellwood wins face-off versus Andrei Kostitsyn in neutral zone.
17:57 of 2nd period - Slapshot by Oliver Ekman-Larsson.
17:57 of 2nd period - Deflect By Kyle Wellwood.
17:57 of 2nd period - Stopped by Semyon Varlamov with a rebound.
18:13 of 2nd period - Wrist shot by Paul Stastny.
18:13 of 2nd period - Stopped by Steve Mason with a rebound.
18:15 of 2nd period - Wrist shot by Alexander Radulov.
18:15 of 2nd period - Shot Misses the Net.
18:17 of 2nd period - Slapshot by Erik Karlsson.
18:17 of 2nd period - Deflect By Paul Stastny.
18:17 of 2nd period - Stopped by Steve Mason without a rebound.
18:18 of 2nd period - Penalty to Matt Smaby is over, Matt Smaby is back on ice.
18:18 of 2nd period - Bryan Little wins face-off versus Jakub Voracek in Flyers zone.
18:53 of 2nd period - Wrist shot by Dany Heatley.
18:53 of 2nd period - Shot Blocked by Johnny Boychuk.
18:55 of 2nd period - Wrist shot by Marcus Kruger.
18:55 of 2nd period - Stopped by Semyon Varlamov without a rebound.
18:56 of 2nd period - Paul Stastny wins face-off versus Kyle Wellwood in Avalanche zone.
19:34 of 2nd period - Snap shot by Jeff Carter.
19:34 of 2nd period - Stopped by Semyon Varlamov with a rebound.
19:48 of 2nd period - Backhand shot by Marcus Kruger.
19:48 of 2nd period - Stopped by Semyon Varlamov with a rebound.
19:50 of 2nd period - Slapshot by Dany Heatley.
19:50 of 2nd period - Stopped by Semyon Varlamov with a rebound.
19:52 of 2nd period - Wrist shot by Jeff Woywitka.
19:52 of 2nd period - Shot Misses the Net.
19:57 of 2nd period - Minor Penalty to Damien Brunner for Hooking.
19:58 of 2nd period - Jeff Carter wins face-off versus Andrew Ladd in Avalanche zone.
Goals for this period are 0 for Flyers vs 1 for Avalanche.
Shots for this period are 14 for Flyers vs 15 for Avalanche.
3rd period
0:01 of 3rd period - Kyle Wellwood wins face-off versus Andrew Ladd in neutral zone.
0:04 of 3rd period - Chuck Kobasew is hit by Kyle Wellwood and loses puck.
1:19 of 3rd period - Kyle Turris is hit by Kyle Wellwood and loses puck.
1:57 of 3rd period - Penalty to Damien Brunner is over, Damien Brunner is back on ice.
2:02 of 3rd period - Maxim Talbot is hit by Chris Mcallister and loses puck.
2:23 of 3rd period - Jack Johnson is hit by Jaromir Jagr and loses puck.
3:02 of 3rd period - Slapshot by Drew Miller.
3:02 of 3rd period - Deflect By Paul Stastny.
3:02 of 3rd period - Stopped by Semyon Varlamov with a rebound.
3:17 of 3rd period - Nathan Beaulieu is hit by Paul Stastny.
4:46 of 3rd period - Chris Mcallister is hit by Johnny Boychuk and loses puck.
5:50 of 3rd period - Snap shot by Jaromir Jagr.
5:50 of 3rd period - Shot Blocked by Marc Staal.
6:09 of 3rd period - Icing by Nathan Beaulieu.
6:10 of 3rd period - Jeff Carter wins face-off versus Bryan Little in Flyers zone.
7:01 of 3rd period - Snap shot by Jaromir Jagr.
7:01 of 3rd period - Stopped by Semyon Varlamov without a rebound.
7:02 of 3rd period - Jeff Carter wins face-off versus Maxim Talbot in Avalanche zone.
7:56 of 3rd period - Paul Stastny is hit by Jaromir Jagr and loses puck.
8:15 of 3rd period - Slapshot by Chris Mcallister.
8:15 of 3rd period - Stopped by Semyon Varlamov with a rebound.
8:17 of 3rd period - Slapshot by Matt Smaby.
8:17 of 3rd period - Deflect By Chris Mcallister.
8:17 of 3rd period - Stopped by Semyon Varlamov with a rebound.
8:19 of 3rd period - Slapshot by Brian Lashoff.
8:19 of 3rd period - Shot Blocked by Kyle Turris.
8:37 of 3rd period - Damien Brunner is hit by Jeff Woywitka and loses puck.
8:53 of 3rd period - Off-side.
8:54 of 3rd period - Kyle Wellwood wins face-off versus Patric Hornqvist in neutral zone.
8:56 of 3rd period - Off-side.
8:57 of 3rd period - Bryan Little wins face-off versus Kyle Wellwood in neutral zone.
9:06 of 3rd period - Jack Johnson is hit by Mats Zuccarello and loses puck.
9:29 of 3rd period - Slapshot by Alexander Radulov.
9:29 of 3rd period - Shot Misses the Net.
9:31 of 3rd period - Slapshot by Jack Johnson.
9:31 of 3rd period - Shot Misses the Net.
9:33 of 3rd period - Slapshot by Erik Karlsson.
9:33 of 3rd period - Deflect By Alexander Radulov.
9:33 of 3rd period - Shot Misses the Net.
9:33 of 3rd period - Puck is out of play.
9:34 of 3rd period - Paul Stastny wins face-off versus Kyle Wellwood in Flyers zone.
9:43 of 3rd period - Slapshot by Paul Stastny.
9:43 of 3rd period - Shot Blocked by Oliver Ekman-Larsson.
9:47 of 3rd period - Snap shot by Paul Stastny.
9:47 of 3rd period - Stopped by Steve Mason without a rebound.
9:48 of 3rd period - Jeff Carter wins face-off versus Bryan Little in Flyers zone.
9:54 of 3rd period - Icing by Jack Johnson.
9:55 of 3rd period - Jakub Voracek wins face-off versus Bryan Little in Avalanche zone.
10:02 of 3rd period - Wrist shot by Jakub Voracek.
10:02 of 3rd period - Stopped by Semyon Varlamov without a rebound.
10:03 of 3rd period - Jeff Carter wins face-off versus Mikkel Boedker in Avalanche zone.
10:06 of 3rd period - Snap shot by Jakub Voracek.
10:06 of 3rd period - Stopped by Semyon Varlamov with a rebound.
10:42 of 3rd period - Snap shot by Bryan Little.
10:42 of 3rd period - Goal by Bryan Little - Flyers : 1 - Avalanche : 2.
10:43 of 3rd period - Jeff Carter wins face-off versus Paul Stastny in neutral zone.
11:31 of 3rd period - Andrew Ladd is hit by Dany Heatley and loses puck.
11:40 of 3rd period - Slapshot by Dany Heatley.
11:40 of 3rd period - Shot Blocked by Jack Johnson.
11:42 of 3rd period - Snap shot by Marcus Kruger.
11:42 of 3rd period - Shot Misses the Net.
11:44 of 3rd period - Slapshot by Marcus Kruger.
11:44 of 3rd period - Shot Misses the Net.
12:14 of 3rd period - Andrei Kostitsyn is hit by Matt Smaby and loses puck.
12:23 of 3rd period - Snap shot by Drew Miller.
12:23 of 3rd period - Stopped by Semyon Varlamov with a rebound.
13:32 of 3rd period - Wrist shot by Andrei Kostitsyn.
13:32 of 3rd period - Deflect By Alexander Radulov.
13:32 of 3rd period - Shot Misses the Net.
13:32 of 3rd period - Puck is out of play.
13:33 of 3rd period - Paul Stastny wins face-off versus Jeff Carter in Flyers zone.
14:00 of 3rd period - Jeff Woywitka is hit by Andrew Ladd and loses puck.
14:05 of 3rd period - Wrist shot by Maxim Talbot.
14:05 of 3rd period - Goal by Maxim Talbot - Flyers : 1 - Avalanche : 3.
14:06 of 3rd period - Kyle Wellwood wins face-off versus Mikkel Boedker in neutral zone.
14:17 of 3rd period - Oliver Ekman-Larsson is hit by Mikkel Boedker.
14:31 of 3rd period - Minor Penalty to Jonathan Ericsson for Tripping.
14:32 of 3rd period - Bryan Little wins face-off versus Matthew Lombardi in Flyers zone.
16:31 of 3rd period - Penalty to Jonathan Ericsson is over, Jonathan Ericsson is back on ice.
17:03 of 3rd period - Brian Lashoff is hit by Maxim Talbot and loses puck.
17:54 of 3rd period - Oliver Ekman-Larsson is hit by Patric Hornqvist and loses puck.
17:58 of 3rd period - Icing by Oliver Ekman-Larsson.
17:59 of 3rd period - Maxim Talbot wins face-off versus Marcus Kruger in Flyers zone.
18:00 of 3rd period - Snap shot by Damien Brunner.
18:00 of 3rd period - Shot Misses the Net.
18:35 of 3rd period - Wrist shot by Dany Heatley.
18:35 of 3rd period - Shot Misses the Net.
18:44 of 3rd period - Icing by Pernell Karl Subban.
18:45 of 3rd period - Jeff Carter wins face-off versus Paul Stastny in Avalanche zone.
18:52 of 3rd period - Jeff Carter is hit by Alexander Radulov and loses puck.
19:01 of 3rd period - Backhand shot by Paul Stastny.
19:01 of 3rd period - Stopped by Steve Mason with a rebound.
19:18 of 3rd period - Slapshot by Andrew Ladd.
19:18 of 3rd period - Stopped by Steve Mason without a rebound.
19:19 of 3rd period - Kyle Turris wins face-off versus Jeff Carter in Flyers zone.
19:26 of 3rd period - Wrist shot by Chuck Kobasew.
19:26 of 3rd period - Shot Blocked by Matt Smaby.
19:28 of 3rd period - Wrist shot by Kyle Turris.
19:28 of 3rd period - Deflect By Ville Leino.
19:28 of 3rd period - Shot Blocked by Jeff Carter.
19:28 of 3rd period - Puck is out of play.
19:29 of 3rd period - Kyle Turris wins face-off versus Jeff Carter in Flyers zone.
19:57 of 3rd period - Minor Penalty to Kyle Turris for Holding.
19:58 of 3rd period - Andrew Ladd wins face-off versus Kyle Wellwood in Avalanche zone.
Goals for this period are 0 for Flyers vs 2 for Avalanche.
Shots for this period are 7 for Flyers vs 5 for Avalanche.
Back to the Top